 Dungeon Crawl Stone Soup version 0.16-a0-791-gf1c67de (webtiles) character file.

80 RobertPalmer the Cudgeler (level 4, 0/41 HPs)
             Began as an Ogre Transmuter on Sept 28, 2014.
             Slain by Ijyb
             ... wielding a +2 dagger of draining
              (1 damage)
             ... on Level 2 of the Dungeon.
             The game lasted 00:05:33 (3036 turns).

RobertPalmer the Cudgeler (Ogre Transmuter)         Turns: 3036, Time: 00:05:33

HP   0/41        AC  3     Str 15      XL: 4   Next: 39%
MP   7/8         EV  9     Int 12      God:
Gold 130         SH  0     Dex 11      Spells:  2 memorised,  4 levels left

rFire  . . .     SeeInvis .     a - +0 whip
rCold  . . .     Clarity  .     c - +0 robe
rNeg   . . .     rCorr    .     (shield restricted)
rPois  .         rRot     .     (helmet restricted)
rElec  .         Spirit   .     (no cloak)
SustAb .         Warding  .     (gloves unavailable)
rMut   .         Stasis   .     (boots unavailable)
Gourm  .                        (no amulet)
MR     .....                    (no ring)
                                (no ring)

@: very heavily drained, not resistant to hostile enchantments, very unstealthy
A: unfitting armour, tough skin 1
a: no special abilities


You were on level 2 of the Dungeon.
You were not hungry.

You visited 1 branch of the dungeon, and saw 2 of its levels.

You collected 130 gold pieces.


Innate Abilities, Weirdness & Mutations

You are too large for most types of armour.
You have tough skin (AC +1).


   Skills:
 - Level 1.3(0.0) Fighting
 + Level 4.4(0.0) Maces & Flails
 - Level 1.7(0.0) Dodging
 - Level 2.6(0.0) Unarmed Combat
 - Level 2.4(0.0) Spellcasting
 - Level 2.0(0.0) Transmutations


You had 4 spell levels left.
You knew the following spells:

 Your Spells              Type           Power        Failure   Level  Hunger
z - Beastly Appendage     Trmt           #.....       34%         1    ##.....
Z - Sticks to Snakes      Trmt           #.........   52%         2    ###....

Inventory:

Hand weapons
 a - a +0 whip (weapon)
Missiles
 b - 7 arrows
 l - 3 tomahawks (quivered)
Armour
 c - a +0 robe (worn)
Comestibles
 f - 2 meat rations
 h - 2 royal jellies
Scrolls
 e - 3 scrolls of amnesia {unknown}
 g - a scroll of random uselessness {unknown}
 i - a scroll of teleportation {unknown}
 j - 3 scrolls of magic mapping {unknown}
 m - a scroll of immolation {unknown}
 n - 2 scrolls of identify {unknown}
 p - a scroll of remove curse {unknown}
Jewellery
 k - an uncursed amulet of stasis {unknown}
Potions
 o - a potion of curing
Books
 d - a book of Changes

Dungeon Overview and Level Annotations

Branches:
Dungeon (2/15)

Altars:
Makhleb

Annotations:
D:2 Ijyb

###.# #...########..#.#..### #.#
#...# #.......# ###.#####
#...#########.#.##.## #.......#
#.........# #.....#.##
#)..###.####...#####.###....###..
#.###...........<.....##...## ##.
...................(......## ##
#.###............g((..##...## ##.
.....##.##.#...#@###.###.##.###..
#.......##.#.........###.###.#.##
#..#.#####.......##........##.##
##.#.# #.#...#.##.####.#..#####
.....# #.#...#.##.##≈≈§≈≈.§≈≈§≈
##.#######............≈####§####≈
##.##......#...#.#..(.##≈§≈.§≈≈#
...##......##.##.#....#⌠§....§≈⌠#
#####.................##§§._..≈##


You could see Ijyb.


Message History

* * * LOW HITPOINT WARNING * * *
You miss Ijyb.
Ijyb is heavily wounded.
Ijyb hits you with a dagger of draining.
* * * LOW HITPOINT WARNING * * *
You feel drained.
You hit Ijyb.
Ijyb is heavily wounded.
Ijyb hits you with a dagger of draining.
* * * LOW HITPOINT WARNING * * *
You feel drained.
* * * LOW HITPOINT WARNING * * *
You hit Ijyb but do no damage.
Ijyb is heavily wounded.
Ijyb barely misses you.
You hit Ijyb but do no damage.
Ijyb is heavily wounded.
Ijyb hits you but does no damage.
You feel drained.
Unknown command.
You hit Ijyb but do no damage.
Ijyb is heavily wounded.
Ijyb hits you with a dagger of draining.
* * * LOW HITPOINT WARNING * * *
You feel drained.
You barely miss Ijyb.
Ijyb is heavily wounded.
Ijyb hits you with a dagger of draining.
* * * LOW HITPOINT WARNING * * *
You feel drained.
You die...

Action                   |  1- 3 |  4- 6 || total
-------------------------+-------+-------++-------
Melee: Unarmed           |    35 |       ||    35
       Whip              |   118 |    80 ||   198
Throw: Tomahawk          |       |     3 ||     3
 Cast: Beastly Appendage |    19 |     5 ||    24
       Sticks to Snakes  |       |     5 ||     5
  Use: Potion            |     2 |     2 ||     4
  Eat: Chunk             |     5 |       ||     5
       Bread ration      |       |     1 ||     1

Vault maps used:
D:1:      scummos_arrival_star
D:2:      lightli_temple_of_fire, first_bread, uniq_iyjb

Notes
Turn   | Place    | Note
--------------------------------------------------------------
     0 | D:1      | RobertPalmer, the Ogre Transmuter, began the quest for the Orb.
     0 | D:1      | Reached XP level 1. HP: 19/19 MP: 3/3
   311 | D:1      | Reached XP level 2. HP: 4/27 MP: 3/5
   332 | D:1      | Reached skill level 2 in Transmutations
   614 | D:1      | Reached skill level 1 in Maces & Flails
   911 | D:1      | Reached skill level 2 in Maces & Flails
   967 | D:1      | Reached XP level 3. HP: 24/33 MP: 4/6
  1773 | D:2      | HP: 2/33 [adder (2)]
  1776 | D:2      | Reached skill level 3 in Maces & Flails
  2221 | D:2      | Reached XP level 4. HP: 41/41 MP: 6/8
  2240 | D:2      | Reached skill level 4 in Maces & Flails
  2290 | D:2      | Found a burning altar of Makhleb.
  2647 | D:2      | Learned a level 2 spell: Sticks to Snakes
  2662 | D:2      | Noticed Ijyb
  3035 | D:2      | HP: 4/41 [Ijyb/dagger of draining (2)]
  3036 | D:2      | HP: 1/41 [Ijyb/dagger of draining (3)]
  3036 | D:2      | Slain by Ijyb

Vanquished Creatures
  2 adders (D:2)
  2 worms (D:2)
  2 giant geckos (D:2)
  10 bats
  2 giant cockroaches
  6 hobgoblins
  2 jackals (D:1)
  8 kobolds
  A quokka (D:1)
  4 ball pythons
  2 giant newts (D:2)
  7 goblins
  2 rats (D:1)
50 creatures vanquished.
